 Dungeon Crawl Stone Soup version 0.30-a0-1008-g30c9307041 (webtiles) character file.

Game seed: 7995037963316812532

2648 DeathPants the Grave Robber (level 9, -6/46 (47) HPs)
             Began as a Vine Stalker Necromancer on Apr 5, 2023.
             Was an Initiate of Gozag.
             Mangled by a wight
             ... wielding a +5 dire flail
              (13 damage)
             ... on level 7 of the Dungeon.
             The game lasted 00:21:29 (7102 turns).

DeathPants the Grave Robber (VSNe)                  Turns: 7102, Time: 00:21:30

HP:   -6/46 (47)    AC:  7    Str: 11    XL:     9   Next: 62%
MP:   0/17          EV: 12    Int: 17    God:    Gozag
Gold: 131           SH:  0    Dex: 17    Spells: 9/18 levels left

rFire   . . .      SeeInvis .    b - +4 scimitar
rCold   + + .      Faith    .    (no shield)
rNeg    + . .      Spirit   +    g - +2 leather armour {rC+}
rPois   .          Reflect  .    (no helmet)
rElec   .          Rampage  .    (no cloak)
rCorr   .                        (no gloves)
Will    +....                    c - +1 pair of boots
Stlth   ++                       (no amulet)
HPRegen 1.07/turn                s - ring of protection from cold
MPRegen 0.15/turn                u - ring of positive energy

@: gold aura, lightly drained
A: fangs 3, regeneration 1, magic shield, antimagic bite, no potion heal 2
a: Renounce Religion, Potion Petition, Call Merchant, Bribe Branch


You were on level 7 of the Dungeon.
You worshipped Gozag.
Gozag was aware of your devotion.
You visited 2 branches of the dungeon, and saw 9 of its levels.

You collected 374 gold pieces.
You spent 104 gold pieces at shops.
You paid 139 gold pieces to Gozag.

Inventory:

Hand Weapons
 a - a +3 dagger of electrocution
 b - a +4 scimitar (weapon)
Missiles
 d - 15 poisoned darts
 k - 2 silver boomerangs
Armour
 c - a +1 pair of boots (worn)
 f - an orb of guile
 g - a +2 leather armour of cold resistance (worn)
 x - a +1 buckler of cold resistance
Jewellery
 i - a ring of wizardry
 s - a ring of protection from cold (left hand)
 u - a ring of positive energy (right hand)
Wands
 q - a wand of flame (27)
Scrolls
 e - 6 scrolls of teleportation
 l - 2 scrolls of identify
 v - a scroll of blinking
Potions
 h - a potion of brilliance
 j - 3 potions of lignification
 n - 2 potions of attraction
 o - 2 potions of flight
 p - a potion of curing
 r - a potion of magic
 t - a potion of berserk rage
 w - a potion of haste {unknown}


   Skills:
 + Level 5.6 Fighting
 * Level 5.8 Long Blades
 - Level 2.4 Armour
 - Level 3.1 Dodging
 - Level 2.4 Stealth
 - Level 5.0 Spellcasting
 + Level 7.4 Necromancy


You had 9 spell levels left.
You knew the following spells:

 Your Spells              Type           Power      Damage    Failure   Level
a - Necrotise             Necr           100%       1d9       1%          1
b - Vampiric Draining     Necr           29%        2d8       2%          3
c - Agony                 Necr           29%        N/A       24%         5

Your spell library contained the following spells:

 Spells                   Type           Power      Damage    Failure   Level
 Beastly Appendage        Tmut           8%         N/A       19%         1
 Magic Dart               Conj           16%        1d3       19%         1
 Summon Small Mammal      Summ           16%        N/A       19%         1
 Searing Ray              Conj           8%         2d4       28%         2
 Wereblood                Tmut           4%         N/A       28%         2
 Call Canine Familiar     Summ           4%         N/A       50%         3
 Spider Form              Tmut/Pois      4%         N/A       50%         3
 Summon Guardian Golem    Hex/Summ       4%         N/A       50%         3
 Fulminant Prism          Conj/Hex       2%         3d5       88%         4
 Animate Dead             Necr           Unusable   N/A       N/A         4

Dungeon Overview and Level Annotations

Branches:
Dungeon (8/15)             Temple (1/1) D:7
   Lair: D:8-11

Altars:
Ashenzari
Cheibriados
Dithmenos
Elyvilon
Fedhas
Gozag
Hepliaklqana
Kikubaaqudgha
Makhleb
Nemelex Xobeh
Okawaru
Qazlal
Ru
Trog
Uskayaw
Vehumet
Wu Jian
Xom
Yredelemnul
Zin
The Shining One

Shops:
D:4 !!*?   D:5 !

Annotations:
D:3 2 transporters, Maxmaps's ghost, amateur DrTm
D:4 1 runed translucent door, GigaChad's ghost, novice FoFi


Innate Abilities, Weirdness & Mutations

You have razor-sharp teeth.
Your natural rate of healing is unusually fast.
When hurt, damage is shared between your health and your magic reserves.
Your bite disrupts and absorbs the magic of your enemies.
Potions cannot restore your health.


Message History

The wight is heavily damaged.
You slash the wight!
The wight is almost destroyed.
The wight barely misses you. x2
You hit the wight.
You destroy the wight!
The wight barely misses you.
The wight hits you with a +1 great sword!
The wight closely misses you.
Things that are here:
6 gold pieces; a +0 morningstar; a +0 robe You barely miss the wight.
You bite the wight. You drain its power.
You feel invigorated.
The wight is lightly damaged.
The wight hits you with a +1 great sword!
The wight hits you with a +5 dire flail!
You slash the wight!
The wight is almost destroyed.
The wight barely misses you.
The wight hits you with a +5 dire flail!
* * * LOW HITPOINT WARNING * * *
You partially resist.
You feel drained.
* * * LOW HITPOINT WARNING * * *
You slice the wight!!
You destroy the wight!
The wight closely misses you.
Your life force feels restored.
You hit the wight. You bite the wight, but do no damage.
The wight is almost destroyed.
The wight closely misses you.
You barely miss the wight.
The wight is almost destroyed.
The wight hits you with a +5 dire flail!
* * * LOW HITPOINT WARNING * * *
You partially resist.
You feel drained.
You barely miss the wight.
The wight is almost destroyed.
The wight hits you with a +5 dire flail!
You die...
Your body crumbles into a pile of gold.

########## #
#........####....
#.......@$..#
#...###.z.......
###..[# #####.....
####.....### ###.
..........#### #####
.............##.....
#.....###.........>
#....# ###....###
#..## ##...##


You could see a wight.

Vanquished Creatures
  Sigmund (D:6)
  A wyvern (D:7)
  2 steam dragons (D:7)
  A water moccasin (D:5)
  Duvessa (D:6)
  An orc warrior (D:7)
  3 ice beasts
  A sky beast (D:7)
  2 phantoms (D:6)
  5 scorpions
  5 wights
  Dowan (D:6)
  A howler monkey (D:4)
  7 hounds
  3 orc priests
  A jelly (D:6)
  2 iguanas (D:5)
  A sleepcap (D:5)
  3 orc wizards (D:7)
  6 adders
  A white imp (D:5)
  2 ufetubi
  2 worms (D:4)
  3 dart slugs
  18 orcs
  3 ball pythons
  5 bats
  3 endoplasms
  2 giant cockroaches (D:3)
  3 goblins
  9 hobgoblins
  7 jackals (D:1)
  6 quokkas
  5 frilled lizards
  5 kobolds
  4 rats
126 creatures vanquished.

Vanquished Creatures (others)
  8 fungi (D:7)
8 creatures vanquished.

Grand Total: 134 creatures vanquished

Notes
Turn   | Place    | Note
-------+----------+-------------------------------------------
     0 | D:1      | DeathPants the Vine Stalker Necromancer began the quest for
                  | the Orb.
     0 | D:1      | Reached XP level 1. HP: 9/9 MP: 4/4
   294 | D:1      | Reached XP level 2. HP: 14/14 MP: 3/6
   620 | D:1      | Reached skill level 1 in Fighting
   787 | D:1      | Reached XP level 3. HP: 18/18 MP: 5/8
  1963 | D:2      | Gained mutation: Your natural rate of healing is unusually
                  | fast. [Vine Stalker growth]
  1963 | D:2      | Reached XP level 4. HP: 4/23 MP: 1/9
  2865 | D:3      | Found a transporter.
  2910 | D:4      | Reached XP level 5. HP: 26/26 MP: 5/11
  2957 | D:3      | Found a transporter.
  2960 | D:3      | Noticed Maxmaps's ghost (amateur DrTm)
  3778 | D:4      | Found Tuffej Luch's Distillery.
  3788 | D:4      | Bought a potion of invisibility for 80 gold pieces
  3795 | D:4      | Learned a level 3 spell: Vampiric Draining
  3886 | D:4      | Found Obbyiwug's Magic Scroll Boutique.
  3911 | D:4      | Bought a scroll of identify for 24 gold pieces
  3960 | D:4      | Noticed GigaChad's ghost (novice FoFi)
  3964 | D:4      | Found a runed translucent door.
  3988 | D:5      | Entered Level 5 of the Dungeon
  4002 | D:5      | Found Xehuedio's Distillery.
  4095 | D:4      | Found Rujuegg's Assorted Antiques.
  4125 | D:4      | Found Pudgheog's Distillery.
  4198 | D:5      | Reached skill level 5 in Necromancy
  4378 | D:5      | Reached skill level 1 in Armour
  4378 | D:5      | Reached XP level 6. HP: 32/32 MP: 12/12
  4543 | D:5      | Noticed a water moccasin
  4549 | D:5      | Killed a water moccasin
  4658 | D:5      | Reached XP level 7. HP: 36/36 MP: 11/14
  4681 | D:5      | Identified the +9 quarterstaff of Hard Scrabble {drain, rF+
                  | rC+ Will+ Int+3}
  5341 | D:6      | Gained mutation: You have razor-sharp teeth. [Vine Stalker
                  | growth]
  5341 | D:6      | Reached XP level 8. HP: 41/41 MP: 15/15
  5353 | D:6      | Learned a level 5 spell: Agony
  5394 | D:6      | Found a hide-covered altar of Uskayaw.
  5394 | D:6      | Noticed Sigmund
  5406 | D:6      | Killed Sigmund
  5407 | D:6      | Reached skill level 1 in Long Blades
  5417 | D:6      | Reached skill level 6 in Necromancy
  5464 | D:7      | Reached skill level 5 in Spellcasting
  5694 | D:6      | Noticed Dowan
  5695 | D:6      | Noticed Duvessa
  5705 | D:6      | Killed Duvessa
  5714 | D:6      | Killed Dowan
  5776 | D:6      | Found a snail-covered altar of Cheibriados.
  5776 | D:6      | Found a glowing golden altar of the Shining One.
  5777 | D:6      | Found a shadowy altar of Dithmenos.
  5783 | D:6      | Reached XP level 9. HP: 45/46 MP: 15/17
  5796 | D:6      | Found a burning altar of Makhleb.
  5799 | D:6      | Found a radiant altar of Vehumet.
  5881 | D:6      | Reached skill level 5 in Fighting
  6351 | D:7      | Reached skill level 7 in Necromancy
  6460 | D:7      | HP: 1/47 [wyvern (6)]
  6463 | D:7      | Reached skill level 5 in Long Blades
  6932 | D:7      | Found a staircase to the Ecumenical Temple.
  6941 | Temple   | Entered the Ecumenical Temple
  7023 | Temple   | Became a worshipper of Gozag Ym Sagoz the Greedy
  7102 | D:7      | Mangled by a wight

Illustrated notes

Levels and vault maps discovered:
D:1:      ncdulo_smallfort, layout_rooms, serial_co_window_serial,
          co_window_paths_a, co_window_cross_1, co_window_of_opportunity_a,
          co_window_corner_a, co_window_corner_a, co_window_corner_a,
          co_window_paths_a, co_window_broadway_a, co_window_corner_cb,
          co_window_corner_b, co_window_corner_b, co_window_broadway_b,
          co_window_of_opportunity_c, co_window_sun, glass_columns_a,
          glass_columns_a, glass_columns_c, glass_columns_a
D:2:      layout_basic, kennysheep_minor_cross
D:3:      layout_basic, gammafunk_ghost_mausoleum
D:4:      layout_rooms, hellmonk_ghost_happy_afterlife, serial_shops,
          shop_fountains, shop, shop, nicolae_shop_trees
D:5:      layout_rooms, serial_shops, nicolae_stop_n_shop_1,
          grunt_ministairs_13, nicolae_eternal_life, st_stairs_8
D:6:      layout_gridville, grunt_temple_overflow_open,
          mainiacjoe_overflow_small_starburst, uniq_duvessa, uniq_sigmund
D:7:      kennysheep_steamy, layout_cave_pods, temple_green
D:8:      layout_basic, serial_shops, nicolae_shop_crystal,
          kennysheep_generic_room_2
Temple:   eino_temple_rhombus

Skill      XL: |  1  2  3  4  5  6  7  8  9 |
---------------+----------------------------+-----
Fighting       | 1 2 3 4 5 |  5.6
Spellcasting   | 3 4 5 |  5.0
Dodging        | 2 3 |  3.1
Necromancy     | 5 6 7 |  7.4
Armour         | 1 2 |  2.4
Long Blades    | 4 5 |  5.8
Stealth        | |  2.4

Action                     |  1- 3 |  4- 6 |  7- 9 || total
---------------------------+-------+-------+-------++-------
  Melee: Dagger            |    37 |    99 |   192 ||   328
         Bite              |    12 |    25 |    65 ||   102
         Punch             |       |       |     3 ||     3
         Scimitar          |       |       |    11 ||    11
   Cast: Necrotise         |    65 |    18 |     8 ||    91
         Vampiric Draining |       |       |     1 ||     1
  Evoke: Wand              |       |       |     2 ||     2
    Use: Scroll            |       |    20 |     1 ||    21
         Potion            |       |       |     1 ||     1
   Stab: Sleeping          |     1 |     2 |     3 ||     6
         Invisible         |       |       |     2 ||     2
         Paralysed         |       |       |     2 ||     2
 Armour: Robe              |     5 |       |       ||     5
         Leather armour    |     4 |    27 |    57 ||    88
  Dodge: Dodged            |    37 |    58 |    97 ||   192

Table legend: (Time is in decaauts)
 A = Elapsed time spent in this place.
 B = Non-inter-level travel time spent in this place.
 C = Inter-level travel time spent in this place.
 D = Time resting spent in this place.
 E = Time spent auto-exploring this place.
 F = Levels seen in this place.
 G = Mean time per level.
                   A        B        C        D        E       F      G
               +--------+--------+--------+--------+--------+-----+--------+
         Total |   7095 |   6875 |    220 |    168 |   5181 |   9 |  788.3 |
       Dungeon |   6996 |   6791 |    205 |    168 |   5116 |   8 |  874.5 |
        Temple |     98 |     83 |     15 |      0 |     65 |   1 |   98.0 |
               +--------+--------+--------+--------+--------+-----+--------+

Top non-repeatable levels by time:
     D:1: 1607 daAuts
     D:3: 1098 daAuts
     D:2: 1037 daAuts
     D:6: 974 daAuts
     D:5: 878 daAuts
     D:7: 819 daAuts
     D:4: 579 daAuts
  Temple: 98 daAuts
     D:8: 1 daAuts
